Map: Abyssal Reef LE

Players

Guyfawks

  • Race: Protoss Protoss
  • Spawn Location: 11:00

nibbA - Winner!

  • Race: Zerg Zerg
  • Spawn Location: 5:00

VOD

Have the link to the VOD?

Description

Time

  • Played on: Nov. 26, 2017, 2:04 p.m.
  • Length: 25:59
Show
View Real Time Build Order
Export as new Build Order

Guyfawks Protoss 

Build Orders:  

Get SALT Encoding   

  12  0:10  Probe (Chrono Boost)  
  14  0:22  Probe (Chrono Boost)  
  15  0:35  Probe  
  15  0:43  Assimilator  
  15  0:55  Pylon  
  15  0:59  Pylon  
  15  1:13  Probe  
  16  1:25  Probe (Chrono Boost)  
  17  2:00  Gateway  
  17  2:03  Forge  
  17  2:04  Probe  
  18  2:16  Probe  
  19  2:28  Probe  
  20  2:41  Photon Cannon  
  20  2:59  Assimilator  
  20  3:04  Probe (Chrono Boost)  
  22  3:14  Cybernetics Core  
  22  3:15  Probe (Chrono Boost)  
  22  3:18  Probe  
  23  3:51  Pylon  
  23  4:01  Zealot (Chrono Boost)  
  27  4:30  Zealot  
  27  4:37  Protoss Air Weapons Level 1  
  27  4:57  Zealot  
  29  5:04  Nexus  
  29  5:24  Stalker (Chrono Boost)  
  31  5:48  Stalker (Chrono Boost)  
  33  5:57  Stargate  
  33  6:06  Pylon  
  33  6:14  Photon Cannon  
  33  6:28  Photon Cannon  
  33  6:31  Probe (Chrono Boost), Protoss Air Armor Level 1  
  35  6:42  Oracle  
  35  6:43  Probe (Chrono Boost)  
  35  6:45  Probe  
  39  6:52  Robotics Facility  
  39  6:55  Pylon  
  39  6:57  Probe  
  40  7:09  Probe  
  41  7:21  Probe  
  42  7:34  Probe  
  43  7:46  Probe  
  44  8:44  Twilight Council  
  44  8:55  Immortal  
  48  9:19  Photon Cannon  
  48  9:28  Adept  
  50  9:34  Immortal  
  54  9:53  Charge  
  54  9:56  Adept  
  56  10:08  Void Ray  
  60  10:23  Adept  
  62  10:50  Stalker  
  62  10:51  Void Ray  
  68  11:20  Stalker  
  68  11:23  Fleet Beacon  
  70  11:33  Robotics Bay  
  70  11:37  Protoss Ground Weapons Level 1 (Chrono Boost)  
  70  12:47  Assimilator  
  70  13:01  Templar Archives  
  70  13:03  Dark Shrine  
  70  13:20  Pylon  
  70  13:21  Protoss Ground Armor Level 1  
  70  13:23  Pylon  
  70  13:25  Pylon  
  70  13:32  Extended Thermal Lance  
  70  13:38  Colossus  
  76  13:51  Carrier  
  82  13:58  Probe (Chrono Boost)  
  83  14:09  Probe (Chrono Boost)  
  84  14:22  Pylon  
  84  15:15  Protoss Shields Level 1  
  84  15:17  Carrier  
  90  15:29  Assimilator  
  90  16:12  Nexus  
  76  17:10  Tempest  
  82  17:59  High Templar  
  84  18:11  Protoss Ground Weapons Level 2 (Chrono Boost)  
  84  18:16  Colossus (Chrono Boost)  
  90  18:25  Observer Gravitic Boosters (Chrono Boost)  
  90  18:31  High Templar  
  90  18:32  Anion Pulse-Crystals (Chrono Boost)  
  92  18:59  Colossus  
  98  19:08  Dark Templar  
  100  19:23  Probe  
  101  19:38  Assimilator  
  101  19:39  Carrier  
  107  19:47  Dark Templar (Chrono Boost)  
  109  20:07  Protoss Ground Armor Level 2  
  109  20:16  Zealot (Chrono Boost)  
  111  20:34  Zealot (Chrono Boost)  
  111  20:35  Photon Cannon  
  113  20:49  Pylon  
  113  20:51  Pylon  
  113  21:00  Zealot  
  113  21:04  Mothership (Chrono Boost)  
  115  21:06  Photon Cannon  
  115  21:07  Carrier, Photon Cannon  
  129  22:20  Photon Cannon  
  129  22:22  Photon Cannon  
  129  22:23  Protoss Shields Level 2  
  129  22:40  Protoss Air Weapons Level 2  
  129  23:02  Pylon  
  129  23:03  Pylon  
  129  23:27  Shield Battery  
  129  23:28  Photon Cannon  
  129  23:37  Photon Cannon  
  129  23:38  Photon Cannon  
Show
View Real Time Build Order
Export as new Build Order

nibbA Zerg - Winner!

Build Orders: Pool First 

Get SALT Encoding   

  12  0:01  Drone  
  13  0:13  Overlord  
  13  0:17  Drone  
  14  0:31  Drone x2  
  14  0:35  Drone  
  17  0:49  Spawning Pool  
  16  0:51  Drone  
  17  1:13  Hatchery  
  17  1:18  Drone x2  
  18  1:22  Extractor, Drone  
  18  1:36  Queen  
  18  1:39  Overlord  
  20  1:55  Zergling x4  
  22  2:04  Drone  
  23  2:12  Queen  
  25  2:25  Queen  
  25  2:27  Drone x3  
  30  2:33  Overlord  
  30  2:49  Drone  
  30  2:50  Drone x2  
  33  2:51  Drone x2  
  33  2:52  Drone  
  33  2:57  Overlord  
  36  3:22  Drone x5  
  36  3:23  Overlord, Drone x2  
  43  3:33  Baneling Nest  
  42  3:44  Hatchery  
  39  4:25  Drone x4  
  39  4:26  Drone x4  
  39  4:27  Overlord x2  
  47  4:35  Lair, Extractor  
  47  4:36  Drone x3  
  49  4:44  Extractor  
  48  4:55  Queen  
  50  5:10  Drone  
  50  5:11  Drone x6  
  50  5:12  Overlord x2, Drone  
  58  5:27  Drone x4  
  58  5:28  Overlord x3, Drone  
  63  5:38  Infestation Pit  
  62  5:44  Drone  
  62  5:45  Drone x4  
  62  5:46  Overlord  
  62  5:47  Overlord  
  67  5:52  Zergling x2  
  67  5:53  Zergling x6  
  71  6:00  Extractor  
  70  6:15  Neural Parasite  
  70  6:16  Hatchery  
  69  6:19  Burrow  
  69  6:28  Metabolic Boost  
  69  6:55  Infestor  
  71  7:12  Drone  
  71  7:13  Swarm Host, Drone x6  
  71  7:14  Drone x5  
  71  7:15  Drone x3  
  89  7:16  Overlord x3  
  89  7:38  Queen  
  87  8:45  Hatchery  
  83  9:21  Evolution Chamber  
  82  9:30  Nexus  
  82  9:43  Zergling x2  
  82  9:44  Zergling x28  
  97  9:59  Queen  
  97  10:49  Probe  
  98  11:29  Pylon  
  98  11:54  Gateway  
  85  12:41  Cybernetics Core  
  85  12:48  Zergling x2  
  85  12:49  Zergling x16  
  85  12:50  Zergling x12  
  85  12:51  Zergling x2  
  98  13:52  Stargate  
  98  14:20  Pylon  
  98  14:23  Pylon  
  98  14:26  Pylon  
  98  14:29  Pylon  
  98  14:32  Pylon  
  98  14:33  Hatchery  
  100  14:47  Hatchery  
  100  14:51  Hydralisk Den  
  98  15:06  Zergling x10  
  105  15:07  Zergling x14  
  105  15:08  Zergling x2  
  105  15:13  Infestor x5  
  105  15:14  Infestor x3  
  117  15:20  Hydralisk  
  117  15:21  Hydralisk x22  
  125  15:22  Hydralisk x5  
  179  15:49  Nexus  
  88  16:55  Hydralisk x3  
  88  16:56  Hydralisk x7  
  88  16:57  Hydralisk x7  
  88  16:58  Hydralisk x8  
  130  17:03  Gateway  
  130  17:50  Cybernetics Core  
  130  18:00  Extractor  
  130  18:04  Extractor  
  128  18:09  Extractor  
  128  18:11  Extractor  
  126  18:33  Stargate  
  126  18:34  Stargate  
  126  18:35  Stargate  
  126  18:39  Stargate  
  126  18:40  Stargate  
  126  18:41  Stargate  
  126  18:43  Stargate  
  126  18:45  Stargate  
  126  18:46  Stargate  
  126  18:48  Stargate  
  126  18:50  Stargate  
  126  18:54  Stargate  
  126  18:56  Stargate  
  126  18:58  Stargate  
  126  19:00  Stargate  
  126  19:03  Stargate x2  
  126  19:19  Extractor, Drone x2  
  126  19:20  Drone  
  126  19:21  Extractor  
  126  19:22  Extractor  
  126  19:25  Extractor  
  125  19:36  Extractor  
  124  19:39  Fleet Beacon, Extractor  
  123  20:22  Carrier x4  
  123  20:23  Carrier x7  
  189  21:02  Carrier (Chrono Boost)  
  145  21:56  Carrier (Chrono Boost)  
  193  22:07  Carrier x7 (Chrono Boost)  
  193  22:09  Carrier (Chrono Boost)  
Tags
 
Matchup
PvZ
Opening
Pool First
Spawn Locations
Cross Positions
Add a new tag
Caveats
  • Supply blocks, unpowered buildings, or Contaminate may cause inaccurate times.
  • Supply counts are checked every 10 seconds.